 Dungeon Crawl Stone Soup version 0.24.0-35-gdb84b6a5db (webtiles) character file.

Game seed: 7848241267821172954, levelgen mode: deterministic

19 Katsumi the Changer (level 2, 0/12 HPs)
             Began as a Felid Transmuter on Nov 19, 2019.
             Killed from afar by a dart slug (3 damage)
             ... with a slug dart
             ... on level 1 of the Dungeon.
             The game lasted 00:00:35 (1237 turns).

Katsumi the Changer (Felid Transmuter)              Turns: 1237, Time: 00:00:36

Health: 0/12       AC:  1    Str:  6    XL:     2   Next: 55%
Magic:  5/6        EV: 18    Int: 14    God:
Gold:   35         SH:  0    Dex: 16    Spells: 2/5 levels left
                                        Lives:  0   Deaths: 0

rFire    . . .     SeeInvis +     - Unarmed
rCold    . . .     Gourm    .   (shield unavailable)
rNeg     . . .     Faith    .   (armour unavailable)
rPois    .         Spirit   .   (helmet unavailable)
rElec    .         Reflect  .   (cloak unavailable)
rCorr    .         Harm     .   (gloves unavailable)
MR       .....                  (boots unavailable)
Stlth    ++........             (no amulet)
HPRegen  0.04/turn              (no ring)
MPRegen  0.10/turn              (no ring)

@: appendage, quick
A: very small, no armour, no weapons or thrown items, stealth, claws 1, fangs 3,
horns 2, see invisible, carnivore, speed 1, shaggy fur 1, slow metabolism 1,
sharp paws
a: End Transformation


You were on level 1 of the Dungeon.
You were not hungry.
You had grown temporary horns.
You visited 1 branch of the dungeon, and saw 1 of its levels.

You collected 35 gold pieces.

Inventory:

Missiles
 a - 12 arrows
Scrolls
 b - a scroll of teleportation {unknown}
Comestibles
 c - a ration


   Skills:
 - Level 1.0 Fighting
 - Level 2.6 Dodging
 - Level 3.0 Unarmed Combat
 - Level 2.0 Spellcasting
 + Level 3.5 Transmutations


You had 2 spell levels left.
You knew the following spells:

 Your Spells              Type           Power        Failure   Level  Hunger
a - Beastly Appendage     Tmut           ##....       5%          1    ##.....
b - Sticks to Snakes      Tmut           ##......     9%          2    ###....

Your spell library contained the following spells:

 Spells                   Type           Power        Failure   Level  Hunger
 Spider Form              Tmut/Pois      #.........   34%         3    ####...
 Ice Form                 Ice/Tmut       #.......     75%         4    #####..
 Blade Hands              Tmut           ##........   83%         5    ######.


Dungeon Overview and Level Annotations

Branches:
Dungeon (1/15)

Altars:


Innate Abilities, Weirdness & Mutations

You cannot wear armour.
You are incapable of wielding weapons or throwing items.
Your paws allow you to move quietly. (Stealth)
You have sharp claws.
You have razor-sharp teeth.
You have supernaturally acute eyesight. (SInv)
You are carnivorous and can eat meat at any time.
You cover ground quickly.
You are covered in fur. (AC +1)
You have a slow metabolism.
Your sharp claws are effective at attacking unaware monsters.
You have a pair of horns on your head.


Message History

There are monsters nearby!
Unknown command.
Your transformation is almost over.
Casting: Beastly Appendage (safe; 6% risk of failure)
Confirm with . or Enter, or press ? or * to list all spells.
You extend your transformation's duration.
The ooze misses you.
You scratch the ooze but do no damage. You headbutt the ooze.
You bite the ooze.
The ooze is heavily wounded.
The ooze hits you.
* * * LOW HITPOINT WARNING * * *
You scratch the ooze. You headbutt the ooze.
The ooze is almost dead.
The ooze closely misses you.
You scratch the ooze but do no damage. You headbutt the ooze.
You kill the ooze!
The dart slug launches a dart at you. The slug dart hits you.
You die...

.# ###
########....>## .#
#.# .........###..#
.##########.####
..######## ##.#
...............## .#
##.#
....######.###..##.#
#... .##..# #.#
##....# #.#.
####.#####.# ##.%.#
#.#. #.......#
#.#...# ....
####...## #@# #...#
#.### # #.......#
#w# #.. ... #
##.#####..# #.# .
.... ###..# #..###.#
. †.#.# #.....#
#...# ####.)# ##..##
#... ##..# #.##.
#..)# #. #. #####


You could see a dart slug.

Vanquished Creatures
  An ooze (D:1)
  A leopard gecko (D:1)
  2 giant cockroaches (D:1)
  2 goblins (D:1)
  A hobgoblin (D:1)
  3 bats (D:1)
  2 kobolds (D:1)
  2 rats (D:1)
14 creatures vanquished.

Notes
Turn   | Place    | Note
-------+----------+-------------------------------------------
     0 | D:1      | Katsumi the Felid Transmuter began the quest for the Orb.
     0 | D:1      | Reached XP level 1. HP: 9/9 MP: 4/4
   748 | D:1      | Reached XP level 2. HP: 11/12 MP: 4/6
   772 | D:1      | Learned a level 2 spell: Sticks to Snakes
  1237 | D:1      | Killed from afar by a dart slug

Levels and vault maps discovered:
D:1:      evilmike_arrival_crescent, layout_rooms,
          chequers_serial_rivers_micro_c

Skill      XL: |  1 |
---------------+----+-----
Transmutations | 3 |  3.5
Fighting       | |  1.0
Dodging        | |  2.6
Unarmed Combat | |  3.0
Spellcasting   | |  2.0

Action                   || total
-------------------------++-------
Melee: Unarmed           ||    53
       Bite              ||     4
       Headbutt          ||     7
 Cast: Beastly Appendage ||    12
  Eat: Chunk             ||     2
Armor: Skin              ||     5
Dodge: Dodged            ||    36
